 Dungeon Crawl Stone Soup version 0.28.0-53-g5a82cb258f (webtiles) character file.

Game seed: 13731904421667719321

46 ZappyNine the Ruffian (level 3, 0/32 HPs)
             Began as a Naga Transmuter on June 3, 2022.
             Slain by an adder (2 damage)
             ... on level 2 of the Dungeon.
             The game lasted 00:03:12 (2527 turns).

ZappyNine the Ruffian (Naga Transmuter)             Turns: 2527, Time: 00:03:13

Health: 0/32       AC:  2    Str: 14    XL:     3   Next: 66%
Magic:  6/6        EV: 10    Int: 13    God:
Gold:   89         SH:  0    Dex: 11    Spells: 0/6 levels left

rFire   . . .      SeeInvis +   c - +0 short sword
rCold   . . .      Faith    .   (no shield)
rNeg    . . .      Spirit   .   a - +0 robe
rPois   +          Reflect  .   (no helmet)
rElec   .          Harm     .   (no cloak)
rCorr   .          Rampage  .   (no gloves)
Will    .....                   (no barding)
Stlth   +.........              (no amulet)
HPRegen 0.10/turn               e - ring of flight
MPRegen 0.10/turn               (no ring)

@: flying, very slow
A: AC +1, large, see invisible, deformed body, poison resistance, slowness 2,
spit poison 1, naga tail 1
a: Spit Poison


You were on level 2 of the Dungeon.
You visited 1 branch of the dungeon, and saw 2 of its levels.

You collected 89 gold pieces.

Inventory:

Hand Weapons
 c - a +0 short sword (weapon)
Armour
 a - a +0 robe (worn)
Jewellery
 e - a ring of flight (left hand)
 j - an amulet of guardian spirit
Scrolls
 f - a scroll of immolation {unknown}
 g - a scroll of noise {unknown}
 i - a scroll of teleportation {unknown}
 m - a scroll of magic mapping {unknown}
 n - a scroll of identify {unknown}
Potions
 b - 3 potions of curing {unknown}
 d - a potion of lignification {unknown}
 h - a potion of invisibility {unknown}
 k - a potion of attraction {unknown}
 l - a potion of mutation {unknown}


   Skills:
 - Level 2.1 Fighting
 - Level 2.0 Dodging
 - Level 3.2 Unarmed Combat
 + Level 2.1 Spellcasting
 + Level 2.1 Transmutations
 * Level 1.4 Poison Magic


You couldn't memorise any spells.
You knew the following spells:

 Your Spells              Type           Power      Damage    Failure   Level
a - Beastly Appendage     Tmut           12%        N/A       11%         1
b - Wereblood             Tmut           6%         N/A       16%         2
c - Spider Form           Tmut/Pois      6%         N/A       36%         3

Your spell library contained the following spells:

 Spells                   Type           Power      Damage    Failure   Level
 Summon Small Mammal      Summ           4%         N/A       26%         1
 Call Canine Familiar     Summ           1%         N/A       58%         3
 Summon Guardian Golem    Hex/Summ       1%         N/A       58%         3
 Ice Form                 Ice/Tmut       4%         N/A       85%         4


Dungeon Overview and Level Annotations

Branches:
Dungeon (2/15)

Altars:


Innate Abilities, Weirdness & Mutations

Your serpentine skin is tough. (AC +1)
You have supernaturally acute eyesight. (SInv)
Armour fits poorly on your strangely shaped body.
Your system is resistant to poisons. (rPois)
You cover ground very slowly.
You can spit poison.
You have a snake-like lower body.


Message History

A gnoll comes into view. It is wielding a +0 flail.
You hit the rat.
You kill the rat!
An adder comes into view.
A gnoll and a bat come into view.
The adder hisses angrily.
The gnoll shouts!
A gnoll comes into view. It is wielding a +0 spear.
You see here a rat corpse.
The gnoll completely misses you.
You hit the gnoll.
The gnoll is lightly wounded.
The bat hits you but does no damage. The adder bites you.
You closely miss the gnoll.
The gnoll is lightly wounded.
The adder bites you but does no damage. The gnoll closely misses you.
The gnoll hits you with a +0 club! The gnoll hits you with a +0 flail!
* * * LOW HITPOINT WARNING * * *
The bat hits you but does no damage. The adder bites you but does no damage.
You are too injured to fight recklessly!
You are too injured to fight recklessly!
You are too injured to fight recklessly!
You are too injured to fight recklessly!
You are too injured to fight recklessly!
You are too injured to fight recklessly!
You are too injured to fight recklessly!
You are too injured to fight recklessly!
You are too injured to fight recklessly!
You are too injured to fight recklessly!
You are too injured to fight recklessly!
The bat hits you but does no damage.
An adder comes into view.
The gnoll hits you with a +0 club.
* * * LOW HITPOINT WARNING * * *
You see here a rat corpse.
The bat hits you but does no damage. The bat hits you.
* * * LOW HITPOINT WARNING * * *
The adder barely misses you. The bat closely misses you.
The adder barely misses you. The adder bites you.
You die...

......S...#...
#..........
#(.......# ##
#........# .. #
#.....g..# ###. #
#####.gg## #..
#...#g####.#
#..###bS.##.# ##
#.# ###@...#
.##### #. ###..#
.....###. ##..# .
#....... #...#
... .......#
#######..###.....
#.#.....
.................
.......#
#.......###.....
......>#
.#........# ...
........
.........## .


You could see 4 gnolls, an adder and a bat.

Vanquished Creatures
  2 dart slugs (D:1)
  3 giant cockroaches (D:1)
  7 goblins
  2 hobgoblins (D:1)
  5 jackals (D:1)
  2 quokkas (D:1)
  4 ball pythons
  4 bats
  A frilled lizard (D:2)
  4 kobolds (D:1)
  2 rats (D:2)
36 creatures vanquished.

Notes
Turn   | Place    | Note
-------+----------+-------------------------------------------
     0 | D:1      | ZappyNine the Naga Transmuter began the quest for the Orb.
     0 | D:1      | Reached XP level 1. HP: 18/18 MP: 3/3
   502 | D:1      | Reached XP level 2. HP: 13/25 MP: 1/5
  1036 | D:1      | Learned a level 2 spell: Wereblood
  1274 | D:1      | Found a faded altar of an unknown god.
  1377 | D:1      | Reached XP level 3. HP: 28/32 MP: 6/6
  1386 | D:1      | Learned a level 3 spell: Spider Form
  2028 | D:1      | Reached skill level 1 in Poison Magic
  2527 | D:2      | Slain by an adder

Illustrated notes

Levels and vault maps discovered:
D:1:      minmay_arrival_four_loops, layout_loops_ring,
          shapermc_ecumenical_altar_acropolis, chequers_serial_rivers_room_a,
          hangedman_decor_clover_reticule, minmay_small_reverse_x
D:2:      layout_rooms

Skill      XL: |  1  2  3 |
---------------+----------+-----
Fighting       | 2 |  2.1
Dodging        | 2 |  2.0
Poison Magic   | 1 |  1.4
Unarmed Combat | |  3.2
Spellcasting   | |  2.1
Transmutations | |  2.1

Action                   || total
-------------------------++-------
Melee: Unarmed           ||     7
       Short sword       ||   115
       Headbutt          ||     3
       Punch             ||     1
 Cast: Beastly Appendage ||     6
 Abil: Spit Poison       ||     7
Armor: Robe              ||    36
Dodge: Dodged            ||    97
